 Dungeon Crawl Stone Soup version 0.21-a0-94-gdd6ab6a (webtiles) character file.

64 HAL9000 the Sneak (level 4, 0/21 HPs)
             Began as a Vine Stalker Enchanter on July 3, 2017.
             Slain by Crazy Yiuf
             ... wielding a +3 quarterstaff of chaos
              (6 damage)
             ... on level 2 of the Dungeon.
             The game lasted 00:02:00 (1586 turns).

HAL9000 the Sneak (Vine Stalker Enchanter)          Turns: 1586, Time: 00:02:01

Health: 0/21       AC:  2    Str: 12    XL:     4   Next: 12%
Magic:  0/8        EV: 12    Int: 15    God:
Gold:   232        SH:  0    Dex: 14    Spells: 1/7 levels left

rFire    . . .     SeeInvis .   a - +1 dagger
rCold    . . .     Gourm    .   (no shield)
rNeg     . . .     Faith    .   b - +0 robe
rPois    .         Spirit   +   (no helmet)
rElec    .         Reflect  .   (no cloak)
rCorr    .         Harm     .   (no gloves)
MR       .....                  (no boots)
Stlth    ++........             (no amulet)
HPRegen  0.47/turn              (no ring)
MPRegen  0.11/turn              (no ring)

@: lethally poisoned (0 -> -1)
A: fangs 2, regeneration 1, magic shield, antimagic bite, no potion heal 3, rot
immunity
a: no special abilities


You were on level 2 of the Dungeon.
You were not hungry.

You visited 1 branch of the dungeon, and saw 2 of its levels.

You collected 232 gold pieces.

Inventory:

Hand Weapons
 a - a +1 dagger (weapon)
 o - a +0 whip
Armour
 b - a +0 robe (worn)
Wands
 s - a wand of flame (18/48)
Scrolls
 e - a scroll of fear {unknown}
 f - a scroll of recharging {unknown}
 k - 2 scrolls of identify {unknown}
 p - 2 scrolls of teleportation {unknown}
 t - a scroll of enchant armour {unknown}
Potions
 h - a potion of curing {unknown}
 l - a potion of mutation {unknown}
 m - 2 potions of agility {unknown}
 n - a potion of heal wounds {unknown}
 q - a potion of magic {unknown}
 r - a potion of cancellation {unknown}
 u - a potion of brilliance {unknown}
Books
 c - a book of Maledictions

   Spells                             Type                      Level
   a - Corona                         Hexes                        1
   b - Ensorcelled Hibernation        Hexes/Ice                    2
   c - Confuse                        Hexes                        3
   d - Tukima's Dance                 Hexes                        3
   e - Dazzling Spray                 Conjuration/Hexes            3
Comestibles
 d - 2 bread rations
 g - 2 meat rations
 i - a fruit


   Skills:
 - Level 1.9 Short Blades
 + Level 2.1 Maces & Flails
 - Level 1.5 Dodging
 - Level 3.6 Stealth
 - Level 2.1 Spellcasting
 - Level 3.4 Hexes


You had one spell level left.
You knew the following spells:

 Your Spells              Type           Power        Failure   Level  Hunger
a - Corona                Hex            ##.....      5%          1    #......
x - Confuse               Hex            ##......     16%         3    ###....
z - Ensorcelled Hibernat  Hex/Ice        #.....       16%         2    ###....


Dungeon Overview and Level Annotations

Branches:
Dungeon (2/15)

Altars:

Annotations:
D:2 Crazy Yiuf


Innate Abilities, Weirdness & Mutations

You have extremely sharp teeth.
Your natural rate of healing is unusually fast.
When hurt, damage is shared between your health and your magic reserves.
Your bite disrupts and absorbs the magic of your enemies.
Potions cannot restore your health.
You are immune to rotting.


Message History

You completely miss Crazy Yiuf.
Crazy Yiuf is moderately wounded.
Crazy Yiuf barely misses you.
You barely miss Crazy Yiuf.
Crazy Yiuf is lightly wounded.
Crazy Yiuf barely misses you.
You hit Crazy Yiuf.
Crazy Yiuf is moderately wounded.
You hit Crazy Yiuf but do no damage.
Crazy Yiuf is moderately wounded.
Crazy Yiuf hits you with a quarterstaff of chaos.
You are poisoned.
You closely miss Crazy Yiuf. Your bite misses Crazy Yiuf.
Crazy Yiuf is moderately wounded.
You feel sick.
Crazy Yiuf hits you with a quarterstaff of chaos!
Ouch! That really hurt!
* * * LOW HITPOINT WARNING * * *
Crazy Yiuf burns you!
You die...

..........>.......#########
#.#....<..................#
#.....÷...........#######.#
#...#....########## #.#
#...###### #.## #...#
♣♣♣♣♣##..# #...###### ####
♣♣♣.♣....#.# †.......'#
#...#♣..♣......[#
#.#####.##
#...g@♣♣♣♣......# #.# #.#
#)..#♣♣ ♣♣....## #.# #.#
#### ♣♣#### #.# #.# #.# #.#
#.# #.# #.#####.########.#
..........)......#
#.##.#############


You could see Crazy Yiuf.

Vanquished Creatures
  Natasha (D:2)
  An adder (D:2)
  2 oozes (D:1)
  2 dart slugs
  2 bats
  2 goblins
  3 hobgoblins
  2 frilled lizards
  3 kobolds (D:1)
  3 rats (D:1)
  A fungus (D:1)
22 creatures vanquished.

Notes
Turn   | Place    | Note
-------+----------+-------------------------------------------
     0 | D:1      | HAL9000 the Vine Stalker Enchanter began the quest for the Orb.
     0 | D:1      | Reached XP level 1. HP: 9/9 MP: 4/4
    45 | D:1      | Reached skill level 1 in Short Blades
   215 | D:1      | Reached XP level 2. HP: 12/13 MP: 6/6
  1011 | D:1      | Reached XP level 3. HP: 16/16 MP: 7/7
  1129 | D:2      | Learned a level 2 spell: Ensorcelled Hibernation
  1140 | D:2      | Learned a level 3 spell: Confuse
  1365 | D:2      | Reached skill level 1 in Maces & Flails
  1394 | D:2      | Noticed Natasha
  1399 | D:2      | Killed Natasha
  1399 | D:2      | Gained mutation: Your natural rate of healing is unusually fast. [Vine Stalker growth]
  1399 | D:2      | Reached XP level 4. HP: 19/21 MP: 8/8
  1445 | D:2      | Found a runed door.
  1578 | D:2      | Noticed Crazy Yiuf
  1586 | D:2      | Slain by Crazy Yiuf

Vault maps used:
D:1:      dpeg_arrival_tiny_a, minmay_gold_behind_fungi, minmay_liquid_box,
          patterned_corridor
D:2:      uniq_crazy_yiuf_cottage, uniq_natasha, uniq_sigmund

Skill      XL: |  1  2  3 |
---------------+----------+-----
Short Blades   | 1 |  1.9
Maces & Flails | 2 |  2.1
Dodging        | |  1.5
Stealth        | |  3.6
Spellcasting   | |  2.1
Hexes          | |  3.4

Action                   |  1- 3 |  4- 6 || total
-------------------------+-------+-------++-------
Melee: Dagger            |    53 |    10 ||    63
       Bite              |    13 |       ||    13
 Cast: Ensorcelled Hiber |     1 |       ||     1
Evoke: Wand              |       |     1 ||     1
 Stab: Sleeping          |     7 |       ||     7
  Eat: Chunk             |     1 |     1 ||     2
Armor: Robe              |     2 |       ||     2
Dodge: Dodged            |    16 |     6 ||    22
